 Dungeon Crawl Stone Soup version 0.18.1-50-g88ac8fd (webtiles) character file.

11 Amnesiac the Cutter (level 2, -3/18 HPs)
             Began as a Deep Elf Fighter on Mar 2, 2018.
             Slain by a worm (9 damage)
             ... on level 4 of the Dungeon.
             The game lasted 00:00:56 (360 turns).

Amnesiac the Cutter (Deep Elf Fighter)               Turns: 360, Time: 00:00:56

Health: -3/18      AC:  6    Str: 13    XL:     2   Next: 13%
Magic:  4/4        EV:  6    Int: 10    God:
Gold:   18         SH:  8    Dex: 16    Spells: 0 memorised, 1 level left

rFire  . . .     SeeInvis .     a - +0 rapier
rCold  . . .     Gourm    .     b - +0 scale mail
rNeg   . . .     Faith    .     c - +0 shield
rPois  .         Spirit   .     (no helmet)
rElec  .         Dismiss  .     (no cloak)
rCorr  .         Reflect  .     (no gloves)
SustAt .         Harm     .     (no boots)
MR     .....     Rnd*Rage +     (no amulet)
Stlth  +.........               (no ring)
                                (no ring)

@: flying, not resistant to hostile enchantments, very unstealthy
A: thin skeletal structure 1, berserk 1, dopey 1
a: no special abilities


You were on level 4 of the Dungeon.
You were not hungry.

You visited 1 branch of the dungeon, and saw 4 of its levels.

You collected 18 gold pieces.

Inventory:

Hand Weapons
 a - a +0 rapier (weapon)
 o - a +0 spear
Armour
 b - a +0 scale mail (worn)
 c - a +0 shield (worn)
 n - a +0 plate armour
Scrolls
 e - 2 scrolls of identify {!r, unknown}
 g - a scroll of recharging {!r, unknown}
 k - a scroll of fog {!r, unknown}
 l - a scroll of teleportation {!r, unknown}
Potions
 d - a potion of might {!q}
 m - a potion of flight {!q}
Comestibles
 f - a bread ration
 i - a meat ration
 j - 2 slices of pizza


   Skills:
 - Level 2.4 Fighting
 + Level 2.8 Short Blades
 - Level 2.4 Armour
 - Level 2.4 Shields


You had one spell level left.
You didn't know any spells.

Dungeon Overview and Level Annotations

Branches:
Dungeon (4/15)
 Temple: D:4-7

Altars:


Innate Abilities, Weirdness & Mutations

You have a somewhat thin skeletal structure (Dex +2, Stealth).
You tend to lose your temper in combat.
You are dopey. (Int -2)


Message History

You kill the goblin!
No target in view!
Things that are here:
a club; a goblin corpse
Found a stone staircase leading down.
HP restored.
A worm comes into view.
A worm is nearby!
There is a stone staircase leading down here.
You climb downwards.
An adder skeleton comes into view.
Found 6 gold pieces and a sapphire potion.
There is a stone staircase leading up here.
A worm comes into view.
You closely miss the adder skeleton. The adder skeleton bites you.
You hit the adder skeleton. You block the adder skeleton's attack.
You hit the adder skeleton. The adder skeleton bites you.
You closely miss the adder skeleton. The adder skeleton closely misses you.
The worm bites you.
The adder skeleton bites you but does no damage.
You hit the adder skeleton.
The adder skeleton bites you but does no damage.
You closely miss the adder skeleton. You block the adder skeleton's attack.
The adder skeleton bites you.
You closely miss the adder skeleton. The adder skeleton barely misses you.
Found a slice of pizza.
You hit the adder skeleton. You block the adder skeleton's attack.
The adder skeleton bites you but does no damage.
You barely miss the adder skeleton. You block the adder skeleton's attack.
Found a stone staircase leading down.
You closely miss the adder skeleton.
The adder skeleton completely misses you.
You hit the adder skeleton. The adder skeleton bites you. x2
* * * LOW HITPOINT WARNING * * *
Things that are here:
a slice of pizza; a plate armour
n - a plate armour;
j - 2 slices of pizza (gained 1)
The adder skeleton bites you.
* * * LOW HITPOINT WARNING * * *
You hit the adder skeleton.
You destroy the adder skeleton!
You have reached level 2!
Found a spear.
You see here a spear.
An adder skeleton comes into view.
The adder skeleton bites you but does no damage.
You see here a spear.
o - a spear The adder skeleton bites you but does no damage.
Drink which item? (? for menu, Esc to quit)
Really quaff
m - 2 bubbling sapphire potions {!q}?
It was a potion of flight {!q}.
You feel very buoyant.
You fly up into the air.
You block the adder skeleton's attack.
Drink which item? (? for menu, Esc to quit)
Really quaff
h - a fizzy ruby potion {!q}?
It was a potion of mutation {!q}.
You feel extremely strange.
You feel stupid.
You feel a little pissed off.
Your bones become slightly less dense.
The adder skeleton bites you but does no damage.
You barely miss the adder skeleton. You block the adder skeleton's attack.
The worm bites you!
Ouch! That really hurt!
You die...

.# .# ##### ##.#
#...##### #..
#.#.....# #.#
#...###.#
##.######w## #.#
###.........####.#
...............#w#
.....#########.#@#
####.# #.#Z######
#.# #.........#
#.#
#.......######.
#># #.####### #.#
#.#


You could see a worm and an adder skeleton.

Vanquished Creatures
  An adder skeleton (D:4)
  A giant cockroach (D:2)
  A hobgoblin (D:2)
  A bat (D:2)
  A giant newt (D:1)
  3 goblins
8 creatures vanquished.

Notes
Turn   | Place    | Note
--------------------------------------------------------------
     0 | D:1      | Amnesiac the Deep Elf Fighter began the quest for the Orb.
     0 | D:1      | Reached XP level 1. HP: 13/13 MP: 3/3
   344 | D:4      | Reached XP level 2. HP: 5/18 MP: 4/4
   359 | D:4      | Gained mutation: You are dopey. (Int -2) [potion of mutation]
   359 | D:4      | Gained mutation: You tend to lose your temper in combat. [potion of mutation]
   359 | D:4      | Gained mutation: You have a somewhat thin skeletal structure (Dex +2, Stealth). [potion of mutation]
   360 | D:4      | Slain by a worm

Action                   || total
-------------------------++-------
Melee: Rapier            ||    38
  Use: Potion            ||     2
Armor: Scale mail        ||    19
Dodge: Dodged            ||     5
Block: Shield            ||    12
